 Dungeon Crawl Stone Soup version 0.29-a0-25-g7f48f510a0 (webtiles) character file.

Game seed: 17801331866011851108

413 Orangeyouglad the Conjurer (level 6, 0/32 HPs)
             Began as a Deep Elf Conjurer on Jan 31, 2022.
             Slain by an ufetubus (3 damage)
             ... on level 5 of the Dungeon.
             The game lasted 00:05:37 (4254 turns).

Orangeyouglad the Conjurer (Deep Elf Conjurer)      Turns: 4254, Time: 00:05:37

Health: 0/32       AC:  2    Str:  6    XL:     6   Next: 59%
Magic:  15/15      EV: 13    Int: 23    God:
Gold:   131        SH:  0    Dex: 13    Spells: 9/15 levels left

rFire   . . .      SeeInvis .   d - +0 dagger (elec)
rCold   . . .      Faith    .   (no shield)
rNeg    . . .      Spirit   .   a - +0 robe
rPois   .          Reflect  .   (no helmet)
rElec   .          Harm     .   (no cloak)
rCorr   .          Rampage  .   (no gloves)
Will    .....                   (no boots)
Stlth   +++.......              (no amulet)
HPRegen 0.10/turn               (no ring)
MPRegen 0.14/turn               (no ring)

@: marked
A: no striking features
a: no special abilities


You were on level 5 of the Dungeon.
You visited 1 branch of the dungeon, and saw 5 of its levels.

You collected 131 gold pieces.

Inventory:

Hand Weapons
 d - a +0 dagger of electrocution (weapon)
Missiles
 q - 42 arrows
Armour
 a - a +0 robe (worn)
Jewellery
 l - a ring of ice
Wands
 n - a wand of acid (24)
 o - a wand of flame (10)
Scrolls
 b - 3 scrolls of identify {unknown}
 e - a scroll of blinking {unknown}
 f - a scroll of silence {unknown}
 i - a scroll of amnesia {unknown}
 r - a scroll of fog {unknown}
 t - a scroll of holy word {unknown}
Potions
 c - 2 potions of curing {unknown}
 g - a potion of ambrosia {unknown}
 h - 2 potions of flight {unknown}
 j - a potion of heal wounds {unknown}
 k - 2 potions of invisibility {unknown}
 m - a potion of brilliance {unknown}
 p - a potion of lignification {unknown}
 s - a potion of mutation {unknown}


   Skills:
 + Level 4.4 Dodging
 + Level 4.7 Stealth
 + Level 5.0 Spellcasting
 + Level 5.5 Conjurations
 + Level 3.3 Hexes


You had 9 spell levels left.
You knew the following spells:

 Your Spells              Type           Power      Damage    Failure   Level
a - Magic Dart            Conj           100%       1d8       1%          1
b - Searing Ray           Conj           62%        2d6       1%          2
c - Dazzling Flash        Conj/Hex       52%        N/A       4%          3

Your spell library contained the following spells:

 Spells                   Type           Power      Damage    Failure   Level
 Fulminant Prism          Conj/Hex       13%        3d9       16%         4
 Iskenderun's Mystic Bla  Conj/Tloc      18%        2d6       30%         4


Dungeon Overview and Level Annotations

Branches:
Dungeon (5/15)
 Temple: D:4-7

Altars:
Wu Jian


Message History

Done exploring.
Done exploring.
Done exploring.
There is a stone staircase leading down here.
You climb downwards.
There is a stone staircase leading up here.
s - a bubbling purple potion
t - a scroll labelled SAUPHI XOSA
Found a stone staircase leading down.
n - a wand of acid (24) (gained 13 charges)
There is a stone staircase leading down here.
Found a stone staircase leading down.
Found an escape hatch in the floor.
Found 12 stones.
There is an escape hatch in the floor here.
Found a robe and a smoking short sword.
A sourceless malevolence fills the Dungeon...
With a horrendous wail, an alarm goes off!
A sentinel's mark forms upon you.
You hear a shout!
You hear an angry hiss. x2; You hear a shout! x2
You hear a bark!
You hear an angry hiss.
You hear a shout! x2
An ufetubus comes into view.
An ogre comes into view. It is wielding a +0 giant club.
There is an escape hatch in the floor here.
The ufetubus hits you. x2
The ufetubus misses you. x2
The ufetubus hits you. x2
The ufetubus hits you. x2
An orc comes into view. It is wielding a +0 hand axe.
The ufetubus hits you. x2
* * * LOW HITPOINT WARNING * * *
There is a stone staircase leading down here.
You hit the orc but do no damage. The ufetubus misses you.
The ufetubus closely misses you. The orc hits you with a +0 hand axe.
* * * LOW HITPOINT WARNING * * *
Okay, then.
The ufetubus hits you.
* * * LOW HITPOINT WARNING * * *
The ufetubus hits you.
You die...

#. ..##.#.# ### .##### #.##.#.#
#..... ....# # #.##.#.#
#....>.#.#.# #.#####......# #.
...#.#.# #............# #.##
#.....# #........<...# #####..#
#.#.#.########.......# .......#
#.......o............#
.......#####.#..@######.###.###
......5......#.#5# #.# #.#
#...#..#######.#.# #.# #.# ..
#..# #.#.# #.# #.#
#..#######.#O# #.# #.#
####.>........#.# #.. #.#
#.........O.....# ##. #.#
##.###.########### ...# #.#


You could see an ogre, an orc and an ufetubus.

Vanquished Creatures
  A necrophage (D:4)
  An ogre (D:4)
  A phantom (D:4)
  A bullfrog skeleton (D:4)
  7 adders
  An ufetubus (D:4)
  2 adder skeletons (D:4)
  A dart slug (D:2)
  7 ball pythons
  3 endoplasms
  6 giant cockroaches
  4 hobgoblins
  3 kobolds (D:3)
  4 quokkas
  7 bats
  6 frilled lizards
  9 goblins
  2 rats (D:3)
66 creatures vanquished.

Vanquished Creatures (others)
  14 plants (D:3)
14 creatures vanquished.

Grand Total: 80 creatures vanquished

Notes
Turn   | Place    | Note
-------+----------+-------------------------------------------
     0 | D:1      | Orangeyouglad the Deep Elf Conjurer began the quest for the
                  | Orb.
     0 | D:1      | Reached XP level 1. HP: 10/10 MP: 6/6
   210 | D:1      | Reached XP level 2. HP: 15/15 MP: 6/8
   502 | D:1      | Found a faded altar of an unknown god.
   660 | D:2      | Reached XP level 3. HP: 19/19 MP: 3/10
   663 | D:2      | Learned a level 2 spell: Searing Ray
   667 | D:2      | Learned a level 3 spell: Dazzling Flash
  1336 | D:2      | Reached skill level 1 in Hexes
  1731 | D:3      | You fall into a shaft and drop 2 floors!
  1731 | D:5      | Entered Level 5 of the Dungeon
  1747 | D:4      | Reached XP level 4. HP: 24/24 MP: 6/11
  1886 | D:4      | Reached skill level 5 in Conjurations
  2133 | D:4      | Found an ornate altar of the Wu Jian Council.
  2154 | D:4      | Noticed an ogre
  2160 | D:4      | Killed an ogre
  2161 | D:4      | Reached XP level 5. HP: 28/28 MP: 4/13
  2361 | D:4      | Noticed a necrophage
  2365 | D:4      | Killed a necrophage
  2366 | D:4      | Reached XP level 6. HP: 32/32 MP: 8/14
  3175 | D:3      | Reached skill level 5 in Spellcasting
  4254 | D:5      | Slain by an ufetubus

Illustrated notes

Levels and vault maps discovered:
D:1:      tarquinn_simple_flora_water_a, layout_rooms,
          hellmonk_ecumenical_altar_inner_sanctum
D:2:      layout_loops_ring
D:3:      layout_loops_ring, serial_bayou_lagoon_a
D:4:      layout_basic, nzn_wu_jian_council_hall
D:5:      minmay_clustersquares, layout_loops_ring, old_standard_altar,
          kennysheep_generic_room_14

Skill      XL: |  1  2  3  4  5  6 |
---------------+-------------------+-----
Dodging        | 3 4 |  4.4
Stealth        | 3 4 |  4.7
Hexes          | 1 2 3 |  3.3
Conjurations   | 5 |  5.5
Spellcasting   | 4 5 |  5.0

Action                   |  1- 3 |  4- 6 || total
-------------------------+-------+-------++-------
Melee: Unarmed           |     1 |       ||     1
       Dagger            |     1 |     4 ||     5
 Cast: Magic Dart        |    61 |    43 ||   104
       Searing Ray       |     2 |     8 ||    10
 Stab: Sleeping          |     1 |       ||     1
Armor: Robe              |     2 |     1 ||     3
Dodge: Dodged            |    10 |    12 ||    22

Table legend: (Time is in decaauts)
 A = Elapsed time spent in this place.
 B = Non-inter-level travel time spent in this place.
 C = Inter-level travel time spent in this place.
 D = Time resting spent in this place.
 E = Time spent auto-exploring this place.
 F = Levels seen in this place.
 G = Mean time per level.
                   A        B        C        D        E       F      G
               +--------+--------+--------+--------+--------+-----+--------+
         Total |   4267 |   4093 |    174 |    288 |   3403 |   5 |  853.4 |
       Dungeon |   4267 |   4093 |    174 |    288 |   3403 |   5 |  853.4 |
               +--------+--------+--------+--------+--------+-----+--------+

Top non-repeatable levels by time:
     D:4: 1500 daAuts
     D:3: 1091 daAuts
     D:2: 949 daAuts
     D:1: 653 daAuts
     D:5: 72 daAuts
